 Dungeon Crawl Stone Soup version 0.27-a0-538-g15ff5c5295 (webtiles) character file.

Game seed: 641421575345400400

130 Frqise the Skirmisher (level 4, -1/61 HPs)
             Began as a Minotaur Berserker on Mar 6, 2021.
             Was a Believer of Trog.
             Slain by an orc
             ... wielding a +0 trident
              (4 damage)
             ... on level 3 of the Dungeon.
             The game lasted 00:03:40 (3832 turns).

Frqise the Skirmisher (Minotaur Berserker)          Turns: 3832, Time: 00:03:41

Health: -1/61      AC:  2    Str: 23    XL:     4   Next: 90%
Magic:  3/3        EV: 12    Int:  4    God:    Trog [**....]
Gold:   93         SH:  0    Dex:  9    Spells: 3/3 levels left

rFire    . . .     SeeInvis .   a - +0 hand axe
rCold    . . .     Faith    .   (no shield)
rNeg     . . .     Spirit   .   b - +0 animal skin
rPois    .         Reflect  .   (helmet restricted)
rElec    .         Harm     .   (no cloak)
rCorr    .         Rampage  .   (no gloves)
Will     .....                  (no boots)
Stlth    ..........             (no amulet)
HPRegen  0.20/turn              (no ring)
MPRegen  0.08/turn              (no ring)

@: berserking, very quick
A: horns 2, retaliatory headbutt
a: Renounce Religion, Berserk, Trog's Hand


You were on level 3 of the Dungeon.
You worshipped Trog.
Trog was pleased with you.
You visited 1 branch of the dungeon, and saw 4 of its levels.

You collected 93 gold pieces.

Inventory:

Hand Weapons
 a - a +0 hand axe (weapon)
Armour
 b - a +0 animal skin (worn)
Jewellery
 l - an amulet of faith
Wands
 m - a wand of random effects (18)
Scrolls
 c - 2 scrolls of fear {unknown}
 f - 2 scrolls of amnesia
 h - a scroll of immolation {unknown}
 i - a scroll of identify
 k - 2 scrolls of teleportation {unknown}
 n - a scroll of fog {unknown}
Potions
 d - a potion of degeneration {unknown}
 e - 3 potions of curing {unknown}
 g - a potion of resistance {unknown}
 j - a potion of magic {unknown}


   Skills:
 * Level 4.8 Fighting
 * Level 4.7 Axes
 * Level 3.8 Armour
 + Level 2.9 Dodging


You had 3 spell levels left.
You didn't know any spells.
Your spell library was empty.

Dungeon Overview and Level Annotations

Branches:
Dungeon (4/15)
 Temple: D:4-7

Altars:
Sif Muna

Annotations:
D:4 Pikel


Innate Abilities, Weirdness & Mutations

You have a pair of horns on your head.
You reflexively headbutt those who attack you in melee.


Message History

You barely miss Ijyb.
Ijyb is moderately wounded.
You slash the orc!
You kill the orc!
Trog accepts your kill.
The orc hits you from afar with a +0 trident.
You hit Ijyb.
Ijyb is heavily wounded.
You barely miss the lemure.
Ijyb zaps a wand.
The puff of flame hits you! The lemure hits you but does no damage.
You hit Ijyb.
Ijyb is severely wounded.
You barely miss the lemure. The orc completely misses you.
Ijyb hits you with a +0 dagger.
* * * LOW HITPOINT WARNING * * *
You slash the lemure!
The lemure is heavily wounded.
You barely miss Ijyb. The lemure closely misses you.
You hit Ijyb.
Ijyb is almost dead.
You slash the lemure! The orc closely misses you.
Ijyb hits you with a +0 dagger.
* * * LOW HITPOINT WARNING * * *
The lemure misses you.
You closely miss Ijyb.
Ijyb is almost dead.
You hit the lemure.
The orc hits you from afar with a +0 trident!
* * * LOW HITPOINT WARNING * * *
Ijyb barely misses you. You furiously retaliate!
You headbutt Ijyb!
You kill Ijyb!
Trog accepts your kill.
You are too berserk!
You slash the lemure!
You kill the lemure!
That felt strangely unrewarding.
You hit the adder.
The adder is heavily wounded.
The orc hits you from afar with a +0 trident.
You die...

############..##.......#.#
.......#.........#.#####.#
...........##..#.#.# #.#
...........###.#.#.# #.#
........<........#.# #.#
.....)....#####..#.# #.#
..........+.....o..# #.#
..........######S#######.#
..........# #@).......#
...######## ###########
...# ####


You could see an adder and an orc.

Vanquished Creatures
  A lemure (D:3)
  Ijyb (D:3)
  2 adders
  2 oozes
  A worm (D:2)
  A dart slug (D:2)
  5 leopard geckos
  3 orcs (D:3)
  A ball python (D:1)
  2 giant cockroaches
  9 goblins
  5 hobgoblins
  8 jackals
  6 kobolds
  A quokka (D:3)
  6 bats
  4 frilled lizards
  6 rats
64 creatures vanquished.

Notes
Turn   | Place    | Note
-------+----------+-------------------------------------------
     0 | D:1      | Frqise the Minotaur Berserker began the quest for the Orb.
     0 | D:1      | Reached XP level 1. HP: 19/19 MP: 0/0
   286 | D:1      | Reached XP level 2. HP: 24/27 MP: 1/1
   562 | D:1      | Reached XP level 3. HP: 33/33 MP: 2/2
  2204 | D:2      | Reached ** piety under Trog
  2329 | D:2      | Found a shimmering blue altar of Sif Muna.
  2969 | D:3      | Reached XP level 4. HP: 35/41 MP: 3/3
  3758 | D:4      | Noticed Pikel
  3758 | D:4      | Noticed a lemure
  3758 | D:4      | Noticed a lemure
  3758 | D:4      | Noticed a lemure
  3758 | D:4      | Noticed a lemure
  3759 | D:4      | Noticed Ijyb
  3830 | D:3      | HP: 3/61 [orc/+0 trident (10)]
  3830 | D:3      | Killed Ijyb
  3831 | D:3      | Killed a lemure
  3832 | D:3      | Slain by an orc

Illustrated notes

Levels and vault maps discovered:
D:1:      minmay_arrival_pointy, layout_basic
D:2:      layout_basic, general_overflow_altar
D:3:      layout_basic
D:4:      layout_loops_ring, nicolae_overflow_hidden_temple,
          gammafunk_ghost_necromancy, gup_sewer_entry_glass,
          kennysheep_another_room, uniq_pikel, uniq_ijyb

Skill      XL: |  1  2 |
---------------+-------+-----
Fighting       | 4 |  4.8
Axes           | 4 |  4.7
Armour         | 3 |  3.8
Dodging        | |  2.9

Action                   |  1- 3 |  4- 6 || total
-------------------------+-------+-------++-------
Melee: Hand axe          |    75 |    59 ||   134
       Headbutt          |    11 |     5 ||    16
Invok: Berserk           |     1 |     1 ||     2
  Use: Scroll            |     1 |       ||     1
 Stab: Sleeping          |     1 |       ||     1
Armor: Animal skin       |    18 |    12 ||    30
Dodge: Dodged            |    71 |    42 ||   113

Table legend: (Time is in decaauts)
 A = Elapsed time spent in this place.
 B = Non-inter-level travel time spent in this place.
 C = Inter-level travel time spent in this place.
 D = Time resting spent in this place.
 E = Time spent auto-exploring this place.
 F = Levels seen in this place.
 G = Mean time per level.
                   A        B        C        D        E       F      G
               +--------+--------+--------+--------+--------+-----+--------+
         Total |   3849 |   3804 |     45 |   1165 |   2226 |   4 |  962.2 |
       Dungeon |   3849 |   3804 |     45 |   1165 |   2226 |   4 |  962.2 |
               +--------+--------+--------+--------+--------+-----+--------+

Top non-repeatable levels by time:
     D:2: 2059 daAuts
     D:3: 1003 daAuts
     D:1: 781 daAuts
     D:4: 4 daAuts
